 Seeded DCSS version 0.30-a0-122-g2a1322497e (webtiles) character file.

Game seed: 18168638616186862194 (custom seed)

12660 ravioli the Geomancer (level 11, -3/63 HPs)
             Began as an Octopode Earth Elementalist on Sept 15, 2022.
             Was an Initiate of Gozag.
             Slain by Erica
             ... wielding a +1 scimitar of flaming
              (12 damage)
             ... on level 2 of the Lair of Beasts.
             The game lasted 00:38:13 (13546 turns).

ravioli the Geomancer (OpEE)                       Turns: 13546, Time: 00:38:13

Health: -3/63      AC:  1    Str: 13    XL:     11   Next: 96%
Magic:  20/26      EV: 15    Int: 23    God:    Gozag
Gold:   1124       SH:  0    Dex: 12    Spells: 18/32 levels left

rFire   . . .      SeeInvis .    s - staff of earth
rCold   . . .      Faith    .    (no shield)
rNeg    + . .      Spirit   .    (helmet restricted)
rPois   .          Reflect  .    c - amulet of regeneration
rElec   .          Harm     .    h - +6 ring of strength
rCorr   .          Rampage  .    o - ring of positive energy
Will    .....                    I - ring of wizardry
Stlth   ++++......               (no ring)
HPRegen 1.00/turn                (no ring)
MPRegen 0.20/turn                (no ring)
                                 (no ring)
                                 (no ring)

@: lethally poisoned (-3 -> -4), about to teleport, slowed, very slow
A: almost no armour, amphibious, 8 rings, camouflage 1, gelatinous body 1,
(nimble swimmer 1), tentacles
a: Renounce Religion, Potion Petition, Call Merchant, Bribe Branch


You were on level 2 of the Lair of Beasts.
You worshipped Gozag.
Gozag was most pleased with you.
You visited 3 branches of the dungeon, and saw 12 of its levels.

You collected 2897 gold pieces.
You spent 480 gold pieces at shops.
You paid 1293 gold pieces to Gozag.

Inventory:

Hand Weapons
 n - the +7 dagger "Vigaga" {spect, Fragile Str+3 Int+6 Stlth+}
   (You found it on level 3 of the Dungeon)

   When its wielder attacks, the weapon's spirit leaps out and strikes again.
   The spirit shares a part of any damage it takes with its wielder.
   Str:       It affects your strength (+3).
   Int:       It affects your intelligence (+6).
   Fragile:   It will be destroyed if unequipped.
   Stlth:     It makes you more stealthy.
 z - a +0 dagger
Missiles
 f - 12 curare-tipped darts
 u - 3 throwing nets
Magical Staves
 s - a staff of earth (weapon)
Jewellery
 c - an amulet of regeneration (around mantle)
 d - an amulet of guardian spirit
 h - a +6 ring of strength (left tentacle)
 o - a ring of positive energy (right tentacle)
 H - an amulet of the acrobat
 I - a ring of wizardry (on tentacle)
Wands
 l - a wand of mindburst (9)
 E - a wand of polymorph (11)
Scrolls
 g - 3 scrolls of enchant weapon
 k - 2 scrolls of teleportation
 m - 3 scrolls of noise
 r - a scroll of amnesia {unknown}
 t - 2 scrolls of fear {unknown}
 w - a scroll of magic mapping {unknown}
 x - a scroll of torment {unknown}
 y - a scroll of poison {unknown}
 A - a scroll of silence {unknown}
 C - a scroll of immolation {unknown}
 F - a scroll of enchant armour {unknown}
 J - a scroll of blinking {unknown}
 K - a scroll of identify
 L - a scroll of vulnerability {unknown}
Potions
 a - 2 potions of flight {unknown}
 b - 2 potions of degeneration
 e - 3 potions of lignification
 i - 2 potions of ambrosia {unknown}
 p - 2 potions of brilliance
 q - a potion of resistance {unknown}
 v - a potion of cancellation {unknown}
 B - a potion of curing
 D - a potion of invisibility {unknown}
 G - a potion of magic


   Skills:
 + Level 1.2 Fighting
 + Level 6.4 Dodging
 + Level 5.1 Stealth
 + Level 11.3 Spellcasting
 + Level 7.6 Conjurations
 + Level 1.0 Transmutations
 + Level 11.5 Earth Magic


You had 18 spell levels left.
You knew the following spells:

 Your Spells              Type           Power      Damage    Failure   Level
a - Sandblast             Erth           100%       2d20      1%          1
b - Stone Arrow           Conj/Erth      100%       3d13      1%          3
c - Iron Shot             Conj/Erth      35%        9d7       6%          6
d - Flame Wave            Conj/Fire      30%        2d9       4%          4

Your spell library contained the following spells:

 Spells                   Type           Power      Damage    Failure   Level
 Passwall                 Tmut/Erth      48%        N/A       1%          2
 Petrify                  Tmut/Erth      58%        N/A       1%          4
 Scorch                   Fire           26%        2d6       3%          2
 Anguish                  Hex/Necr       6%         N/A       21%         4
 Blade Hands              Tmut           8%         N/A       32%         5
 Dispersal                Tloc           6%         N/A       95%         6
 Summon Cactus Giant      Summ           6%         N/A       95%         6
 Enfeeble                 Hex            6%         N/A       100%        7
 Disjunction              Tloc           6%         N/A       100%        8
 Animate Armour           Summ/Erth      Unusable   N/A       N/A         4

Dungeon Overview and Level Annotations

Branches:
Dungeon (9/15)             Temple (1/1) D:6            Lair (2/5) D:8
  Swamp: Lair:2-3    Shoals: Lair:2-3     Snake: Lair:2-3    Spider: Lair:2-3
    Orc: D:9-12

Altars:
Ashenzari
Cheibriados
Dithmenos
Elyvilon
Gozag
Hepliaklqana
Kikubaaqudgha
Makhleb
Nemelex Xobeh
Okawaru
Sif Muna
Trog
Uskayaw
Vehumet
Wu Jian
Xom
Yredelemnul
Zin
The Shining One

Shops:
D:3 ==   D:7 !

Annotations:
D:4 3 runed translucent doors, scionoferis's ghost, novice MeBe
D:6 1 runed translucent door, Crazy Yiuf
Lair:2 Erica


Innate Abilities, Weirdness & Mutations

You cannot wear most types of armour.
You are amphibious.
You can wear up to eight rings at the same time.
Your skin changes colour to match your surroundings (Stealth+).
Your rubbery body absorbs attacks. (AC +1, EV +1)
((You are camouflaged when in or above water. (Stealth+)))
You have tentacles for arms and can constrict up to eight enemies at once.


Message History

You feel sick.
Something hits the fungus!
The fungus begins to die.
Something burns the fungus.
You feel sick.
Something hits the fungus!
Something burns the fungus.
You feel sick.
You feel sick.
You are no longer poisoned.
You see here 8 gold pieces.
You hear some strange, mumbled words.
You are confused.
You feel better.
Aiming: Mindburst
Press: ? - help, Shift-Dir - straight line Something's mind is blasted!
Unknown command.
Aiming: Mindburst
Press: ? - help, Shift-Dir - straight line Something's mind is blasted!
Something hits you! Something burns you.
* * * LOW HITPOINT WARNING * * *
Unknown command.
You feel much better.
You hear some strange, mumbled words.
You are confused.
You feel better.
You hear some strange, mumbled words.
A bolt of poison appears from out of thin air!
The bolt of poison hits you!!
You are poisoned.
As you read the scroll of teleportation, it crumbles to dust.
You feel strangely unstable.
You feel very sick.
You hear some strange, mumbled words.
You feel yourself slow down. Something hits you!
* * * LOW HITPOINT WARNING * * *
Something burns you.
* * * LOW HITPOINT WARNING * * *
You feel very sick. Something hits you!
You die...
Your body crumbles into a pile of gold.

## .. .. ######
#.#######...P#####
..#P..........$..##
.$.$.........##...#
..##$.>##..####..P# ##
#.$.......###{## #.#.#....##
#@.# ###
.....###..P###.#########.###
........#......#.##..#.##.##.##
..............................#
.................###.######.###
......)#.P......## ### ##.#
....P..###....### #.Y#
.P.........# ##P.##
..)P.P#.....## #....#


There were no monsters in sight!

Vanquished Creatures
  3 death yaks (D:8)
  A black mamba (Lair:1)
  4 elephants (Lair:2)
  6 cane toads
  Psyche (D:8)
  Maggie (D:7)
  4 komodo dragons
  5 blink frogs (Lair:1)
  A wyvern (D:8)
  3 yaks (Lair:1)
  Grum (D:8)
  A steam dragon (D:8)
  Edmund (D:6)
  3 water moccasins
  An acid dragon (D:8)
  An ice beast (D:5)
  An orc warrior (D:6)
  3 black bears
  A sky beast (D:6)
  3 ogres
  3 wolves
  2 phantoms
  Blork the orc (D:6)
  2 kobold brigands (D:8)
  9 bullfrogs
  3 scorpions
  5 wights
  A howler monkey (D:8)
  8 hounds
  2 orc priests
  2 gnoll boudas
  3 jellies (D:6)
  4 orc wizards
  Natasha (thrice) (D:2)
  3 iguanas
  2 scorpion zombies (D:4)
  4 hell rats (Lair:2)
  9 gnolls
  7 adders
  2 river rats (D:8)
  2 shadow imps (D:6)
  A white imp (D:7)
  3 ufetubi (D:5)
  4 worms
  A dart slug (D:4)
  27 orcs
  7 endoplasms
  A giant cockroach (D:3)
  6 goblins
  5 hobgoblins
  15 jackals
  3 quokkas
  7 ball pythons
  2 bats (D:1)
  3 frilled lizards (D:1)
  9 kobolds
  5 rats
221 creatures vanquished.

Vanquished Creatures (others)
  18 fungi
  19 plants
37 creatures vanquished.

Grand Total: 258 creatures vanquished

Notes
Turn   | Place    | Note
-------+----------+-------------------------------------------
     0 | D:1      | ravioli the Octopode Earth Elementalist began the quest for
                  | the Orb.
     0 | D:1      | Reached XP level 1. HP: 11/11 MP: 3/3
   219 | D:1      | Reached XP level 2. HP: 17/17 MP: 3/5
   526 | D:1      | Reached XP level 3. HP: 16/21 MP: 0/6
   530 | D:1      | Reached skill level 5 in Dodging
   530 | D:1      | Reached XP level 4. HP: 25/27 MP: 1/13
   644 | D:1      | Learned a level 3 spell: Stone Arrow
  1198 | D:1      | Found a faded altar of an unknown god.
  1437 | D:2      | Noticed Natasha
  1438 | D:2      | Killed Natasha
  1454 | D:2      | Noticed Natasha
  1464 | D:2      | Killed Natasha
  1465 | D:2      | Reached XP level 5. HP: 23/31 MP: 10/14
  1764 | D:2      | Noticed Natasha
  1769 | D:2      | Killed Natasha
  2198 | D:3      | Found Erovobae's Jewellery Boutique.
  2311 | D:3      | Identified the +7 dagger "Vigaga" {spect, Fragile Str+3
                  | Int+6 Stlth+}
  2376 | D:3      | Reached XP level 6. HP: 36/36 MP: 14/16
  2999 | D:4      | Found a runed translucent gate.
  2999 | D:4      | Found a runed translucent gate.
  2999 | D:4      | Found a runed translucent gate.
  2999 | D:4      | Noticed scionoferis's ghost (novice MeBe)
  3001 | D:4      | Found a basalt altar of Yredelemnul.
  3449 | D:5      | Entered Level 5 of the Dungeon
  3530 | D:5      | Noticed a black bear
  3533 | D:5      | Killed a black bear
  3534 | D:5      | Reached XP level 7. HP: 41/41 MP: 11/18
  3778 | D:5      | Reached XP level 8. HP: 30/46 MP: 7/20
  3920 | D:5      | Identified the +5 falchion of the Oily God {vorpal, Drain
                  | rElec Dex+6}
  3977 | D:5      | Reached skill level 1 in Conjurations
  4797 | D:6      | Noticed Blork the orc
  4801 | D:6      | Killed Blork the orc
  5032 | D:6      | Reached XP level 9. HP: 52/52 MP: 14/21
  5178 | D:6      | Found an ancient bone altar of Kikubaaqudgha.
  5185 | D:6      | Found an ornate altar of the Wu Jian Council.
  5187 | D:6      | Found a radiant altar of Vehumet.
  5187 | D:6      | Found a glowing silver altar of Zin.
  5187 | D:6      | Found a shimmering blue altar of Sif Muna.
  5205 | D:6      | Found a glowing golden altar of the Shining One.
  5207 | D:6      | Found a bloodstained altar of Trog.
  5231 | D:6      | Found a burning altar of Makhleb.
  5232 | D:6      | Found a sparkling altar of Nemelex Xobeh.
  5366 | D:6      | Found a staircase to the Ecumenical Temple.
  5474 | Temple   | Entered the Ecumenical Temple
  5488 | Temple   | Became a worshipper of Gozag Ym Sagoz the Greedy
  5550 | D:6      | Noticed Edmund
  5557 | D:6      | Killed Edmund
  6179 | D:6      | Found a runed translucent door.
  6180 | D:6      | Noticed Crazy Yiuf
  6418 | D:7      | Noticed Maggie
  6433 | D:7      | Killed Maggie
  7314 | D:8      | Noticed Grum
  7321 | D:8      | Killed Grum
  7832 | D:7      | Identified 2 scrolls of acquirement
  7832 | D:7      | Acquired 966 gold pieces
  7837 | D:7      | Bought a potion of brilliance for 60 gold pieces
  7912 | D:8      | Reached XP level 10. HP: 57/57 MP: 16/23
  8073 | D:8      | Noticed a death yak
  8911 | D:8      | Noticed Psyche
  8916 | D:8      | Killed Psyche
  8917 | D:8      | Reached skill level 5 in Conjurations
  9078 | D:3      | Bought a ring of wizardry for 420 gold pieces
  9079 | D:3      | Acquired 787 gold pieces
  9340 | D:8      | Noticed a death yak
  9348 | D:8      | Learned a level 6 spell: Iron Shot
  9468 | D:8      | Found a staircase to the Lair.
  9471 | D:8      | Noticed a death yak
 10037 | D:8      | Killed a death yak
 10172 | D:8      | Killed a death yak
 10173 | D:8      | Reached skill level 10 in Spellcasting
 10173 | D:8      | Reached skill level 10 in Earth Magic
 10302 | D:8      | Killed a death yak
 10737 | Lair:1   | Entered Level 1 of the Lair of Beasts
 10788 | Lair:1   | Noticed a cane toad
 10794 | Lair:1   | Killed a cane toad
 10795 | Lair:1   | Reached XP level 11. HP: 62/62 MP: 10/25
 10875 | Lair:1   | Learned a level 4 spell: Flame Wave
 11210 | Lair:1   | Identified the +8 halberd of Xadidyoff {spect, SInv}
 12340 | Lair:1   | Reached skill level 1 in Fighting
 13306 | Lair:2   | Reached skill level 5 in Stealth
 13471 | Lair:2   | Noticed Erica
 13521 | Lair:2   | HP: 1/63 [something/bolt of poison (33)]
 13546 | Lair:2   | Slain by Erica

Illustrated notes

Levels and vault maps discovered:
D:1:      dpeg_arrival_pits, layout_basic, dilly_ecumenical_altar_fadedgnrine
D:2:      layout_basic, minmay_distorted, uniq_natasha
D:3:      layout_basic, serial_shops, nicolae_shop_waterfront
D:4:      layout_gridville, nicolae_yredelemnul_ghost_church
D:5:      minmay_evil_eye, layout_rooms
D:6:      layout_basic, minitemple, minmay_temple_entry_ruins, serial_curves,
          eino_curves_02, eino_curves_03, minmay_checkerbox, uniq_edmund,
          uniq_blork_the_orc, uniq_crazy_yiuf_cottage
D:7:      layout_basic, uniq_maggie
D:8:      layout_basic, dpeg_lair_monsters, uniq_grum, uniq_psyche
D:9:      layout_loops_ring, fedhas_altar_3,
          kennysheep_orc_monster_closet_entryway, enter_bailey_3, serial_bayou,
          serial_bayou_pond_b, serial_bayou_shore_a, serial_bayou_pond_e,
          serial_bayou_pond_b, minivault_8
Temple:   hellmonk_temple_rainy
Lair:1:   layout_cave_pods, serial_bayou_shore_b, lemuel_fruit_tree,
          grunt_megastairs_1
Lair:2:   layout_loops_ring, spider_nest_entry_webs, uniq_erica

Skill      XL: |  1  2  3  4  5  6  7  8  9 10 11 |
---------------+----------------------------------+-----
Stealth        | 3 4 5 |  5.1
Dodging        | 5 6 |  6.4
Spellcasting   | 7 8 9 10 11 | 11.3
Earth Magic    | 6 7 8 9 10 11 | 11.5
Conjurations   | 2 4 6 7 |  7.6
Fighting       | 1 |  1.2
Transmutations | |  1.0

Action                   |  1- 3 |  4- 6 |  7- 9 | 10-12 || total
-------------------------+-------+-------+-------+-------++-------
Melee: Unarmed           |     6 |     1 |       |       ||     7
       Constrict         |     3 |     1 |     2 |       ||     6
       Tentacles         |     3 |       |     2 |       ||     5
       Staff             |       |       |    17 |     2 ||    19
 Cast: Sandblast         |    25 |    81 |    22 |    26 ||   154
       Stone Arrow       |       |     4 |   100 |    85 ||   189
       Iron Shot         |       |       |       |    26 ||    26
Invok: Call Merchant     |       |       |     1 |     1 ||     2
Evoke: Wand              |       |       |       |     2 ||     2
  Use: Potion            |     1 |       |     4 |     5 ||    10
       Scroll            |       |       |     5 |     6 ||    11
Armor: Skin              |       |       |     3 |     3 ||     6
Dodge: Dodged            |     5 |     6 |    41 |    31 ||    83

Table legend: (Time is in decaauts)
 A = Elapsed time spent in this place.
 B = Non-inter-level travel time spent in this place.
 C = Inter-level travel time spent in this place.
 D = Time resting spent in this place.
 E = Time spent auto-exploring this place.
 F = Levels seen in this place.
 G = Mean time per level.
                   A        B        C        D        E       F      G
               +--------+--------+--------+--------+--------+-----+--------+
         Total |  13637 |  12621 |   1016 |   4466 |   6185 |  12 | 1136.4 |
       Dungeon |  10789 |   9828 |    961 |   3001 |   5248 |   9 | 1198.8 |
        Temple |     28 |     14 |     14 |      0 |      0 |   1 |   28.0 |
          Lair |   2818 |   2778 |     40 |   1465 |    937 |   2 | 1409.0 |
               +--------+--------+--------+--------+--------+-----+--------+

Top non-repeatable levels by time:
     D:8: 2558 daAuts
  Lair:1: 2024 daAuts
     D:7: 1714 daAuts
     D:6: 1459 daAuts
     D:1: 1302 daAuts
     D:4: 1083 daAuts
     D:5: 1075 daAuts
     D:2: 838 daAuts
  Lair:2: 793 daAuts
     D:3: 698 daAuts
     D:9: 58 daAuts
  Temple: 28 daAuts
